 Dungeon Crawl Stone Soup version 0.23.0-42-geed6394480 (webtiles) character file.

Game seed: 4265077954232611901

208 LostNumber the Cruncher (level 5, -2/43 HPs)
             Began as a Gnoll Wanderer on Feb 28, 2019.
             Killed from afar by an orc wizard (5 damage)
             ... with a magic dart
             ... on level 3 of the Dungeon.
             The game lasted 00:07:20 (2703 turns).

LostNumber the Cruncher (Gnoll Wanderer)            Turns: 2703, Time: 00:07:21

Health: -2/43      AC:  4    Str: 14    XL:     5   Next: 86%
Magic:  7/7        EV: 12    Int: 18    God:
Gold:   179        SH:  0    Dex: 12    Spells: 7/7 levels left

rFire    . . .     SeeInvis .   a - +2 mace
rCold    . . .     Gourm    .   (no shield)
rNeg     . . .     Faith    .   d - +0 robe
rPois    .         Spirit   .   l - +0 helmet
rElec    .         Reflect  .   (no cloak)
rCorr    .         Harm     .   (no gloves)
MR       .....                  p - +0 pair of boots
Stlth    +++.......             (no amulet)
HPRegen  0.14/turn              (no ring)
MPRegen  0.10/turn              (no ring)

@: no status effects
A: distributed training, fangs 1, strong nose
a: no special abilities


You were on level 3 of the Dungeon.
You were not hungry.

You visited 1 branch of the dungeon, and saw 3 of its levels.

You collected 179 gold pieces.

Inventory:

Hand Weapons
 a - a +2 mace (weapon)
 b - a +0 quarterstaff
 f - a +0 dagger
Armour
 d - a +0 robe (worn)
 l - a +0 helmet (worn)
   (You found it on level 1 of the Dungeon)
 p - a +0 pair of boots (worn)
   (You found it on level 2 of the Dungeon)
Scrolls
 c - a scroll of teleportation {@r4}
 j - 2 scrolls of blinking
 m - 2 scrolls of fog
 o - a scroll of remove curse {unknown}
 s - a scroll of magic mapping {unknown}
Potions
 h - a potion of mutation {!q}
 i - a potion of flight
 k - a potion of haste {@q3}
 q - 2 potions of resistance
Comestibles
 e - 5 rations {!d}
 r - a chunk of flesh


   Skills:
 + Level 4.8 Fighting
 + Level 1.6 Short Blades
 + Level 1.6 Long Blades
 + Level 1.6 Axes
 + Level 3.0 Maces & Flails
 + Level 1.6 Polearms
 + Level 8.7 Staves
 + Level 1.6 Slings
 + Level 1.6 Bows
 + Level 1.6 Crossbows
 + Level 1.6 Throwing
 + Level 3.0 Armour
 + Level 1.6 Dodging
 + Level 4.4 Stealth
 + Level 1.6 Shields
 + Level 1.6 Unarmed Combat
 + Level 1.6 Spellcasting
 + Level 1.3 Conjurations
 + Level 1.3 Hexes
 + Level 1.3 Charms
 + Level 1.3 Summonings
 + Level 1.3 Necromancy
 + Level 1.3 Translocations
 + Level 1.3 Transmutations
 + Level 1.3 Fire Magic
 + Level 1.3 Ice Magic
 + Level 1.3 Air Magic
 + Level 1.3 Earth Magic
 + Level 1.3 Poison Magic
 + Level 1.8 Invocations
 + Level 1.6 Evocations


You had 7 spell levels left.
You didn't know any spells.
Your spell library was empty.

Dungeon Overview and Level Annotations

Branches:
Dungeon (3/15)

Altars:
Sif Muna
Xom


Innate Abilities, Weirdness & Mutations

Your experience applies equally to all skills.
You have very sharp teeth.
Your uncanny sense of smell can sniff out nearby items.


Message History

The orc wizard seems to speed up.
The orc hits you but does no damage.
Unknown command.
Found 15 gold pieces.
There are monsters nearby!
Some of the chunks of flesh in your inventory have rotted away.
You hit the orc.
You kill the orc!
The orc hits you but does no damage.
Things that are here:
a +0 short sword; a +0 leather armour You barely miss the orc.
Your bite misses the orc.
The orc wizard points at you and mumbles some strange words.
The magic dart hits you. The orc misses you.
You closely miss the orc. You bite the orc. The orc wizard closely misses you.
The orc barely misses you.
You closely miss the orc.
The orc wizard hits you but does no damage.
The orc barely misses you. The orc wizard barely misses you.
You closely miss the orc. You bite the orc, but do no damage.
The orc wizard hits you with a +0 dagger.
The orc hits you with a +0 trident!
* * * LOW HITPOINT WARNING * * *
The orc wizard gestures at you while chanting.
The magic dart hits you.
* * * LOW HITPOINT WARNING * * *
The orc closely misses you.
The orc wizard hits you but does no damage.
Unknown command.
You hit the orc wizard but do no damage.
The orc wizard hits you but does no damage.
The orc closely misses you.
Okay, then.
The orc wizard hits you but does no damage.
You see here 7 gold pieces.
Unknown command.
Unknown command.
The orc wizard points at you and mumbles some strange words.
The puff of frost hits you!
* * * LOW HITPOINT WARNING * * *
You see here 8 gold pieces.
Unknown command.
The orc wizard hits you with a +0 dagger.
* * * LOW HITPOINT WARNING * * *
You feel better.
The orc wizard gestures at you while chanting.
The puff of frost hits you!
* * * LOW HITPOINT WARNING * * *
The orc wizard points at you and mumbles some strange words.
The magic dart hits you.
You die...

#....###.# ##.#####
#.##...# # #......#
#.#....#.####..###)#
...._......##..# #.#
.#....#.##.....# #$#
.#...##.####...# #o#
.###....####...###g#
.....#####......##o#
####.# ###....@..#
.... ##.##.### ...##
##.#.#.## ...##
#...###.## #+##
#..## ##.#
#...###.## ####.#.##
##.## #.#


You could see an orc wizard.

Vanquished Creatures
  A necrophage (D:3)
  An orc wizard (D:3)
  2 adders (D:2)
  An ooze (D:2)
  A worm (D:2)
  4 dart slugs
  2 leopard geckos
  An orc (D:3)
  4 giant cockroaches
  6 goblins
  4 hobgoblins
  7 jackals (D:2)
  3 quokkas
  A ball python (D:1)
  7 bats
  2 frilled lizards
  5 kobolds
  4 rats (D:2)
56 creatures vanquished.

Notes
Turn   | Place    | Note
-------+----------+-------------------------------------------
     0 | D:1      | LostNumber the Gnoll Wanderer began the quest for the Orb.
     0 | D:1      | LostNumber set off with the following items: a +2 mace, a
                  | +0 quarterstaff, a scroll of teleportation {@r4}, a +0
                  | robe, a ration {!d}, a +0 dagger
     0 | D:1      | Reached XP level 1. HP: 20/20 MP: 1/1
   196 | D:1      | Reached XP level 2. HP: 14/26 MP: 2/2
  1007 | D:1      | Reached XP level 3. HP: 26/31 MP: 3/3
  1190 | D:2      | Reached skill level 1 in Invocations
  1621 | D:2      | Reached skill level 1 in Short Blades
  1621 | D:2      | Reached skill level 1 in Long Blades
  1621 | D:2      | Reached skill level 1 in Axes
  1621 | D:2      | Reached skill level 1 in Polearms
  1621 | D:2      | Reached skill level 1 in Slings
  1621 | D:2      | Reached skill level 1 in Bows
  1621 | D:2      | Reached skill level 1 in Crossbows
  1621 | D:2      | Reached skill level 1 in Throwing
  1621 | D:2      | Reached skill level 1 in Dodging
  1621 | D:2      | Reached skill level 1 in Shields
  1621 | D:2      | Reached skill level 1 in Unarmed Combat
  1621 | D:2      | Reached skill level 1 in Spellcasting
  1621 | D:2      | Reached skill level 1 in Evocations
  1630 | D:2      | Reached XP level 4. HP: 30/38 MP: 5/5
  1633 | D:2      | Found a shimmering altar of Xom.
  2523 | D:3      | Noticed a necrophage
  2531 | D:3      | Killed a necrophage
  2531 | D:3      | Reached skill level 1 in Conjurations
  2531 | D:3      | Reached skill level 1 in Hexes
  2531 | D:3      | Reached skill level 1 in Charms
  2531 | D:3      | Reached skill level 1 in Summonings
  2531 | D:3      | Reached skill level 1 in Necromancy
  2531 | D:3      | Reached skill level 1 in Translocations
  2531 | D:3      | Reached skill level 1 in Transmutations
  2531 | D:3      | Reached skill level 1 in Fire Magic
  2531 | D:3      | Reached skill level 1 in Ice Magic
  2531 | D:3      | Reached skill level 1 in Air Magic
  2531 | D:3      | Reached skill level 1 in Earth Magic
  2531 | D:3      | Reached skill level 1 in Poison Magic
  2531 | D:3      | Reached XP level 5. HP: 30/42 MP: 5/7
  2553 | D:3      | Found a deep blue altar of Sif Muna.
  2703 | D:3      | Killed from afar by an orc wizard

Skill      XL: |  1  2  3  4 |
---------------+-------------+-----
Invocations    | 1 |  1.8
Short Blades   | 1 |  1.6
Long Blades    | 1 |  1.6
Axes           | 1 |  1.6
Polearms       | 1 |  1.6
Slings         | 1 |  1.6
Bows           | 1 |  1.6
Crossbows      | 1 |  1.6
Throwing       | 1 |  1.6
Dodging        | 1 |  1.6
Shields        | 1 |  1.6
Unarmed Combat | 1 |  1.6
Spellcasting   | 1 |  1.6
Evocations     | 1 |  1.6
Maces & Flails | 3 |  3.0
Armour         | 3 |  3.0
Conjurations   | 1 |  1.3
Hexes          | 1 |  1.3
Charms         | 1 |  1.3
Summonings     | 1 |  1.3
Necromancy     | 1 |  1.3
Translocations | 1 |  1.3
Transmutations | 1 |  1.3
Fire Magic     | 1 |  1.3
Ice Magic      | 1 |  1.3
Air Magic      | 1 |  1.3
Earth Magic    | 1 |  1.3
Poison Magic   | 1 |  1.3
Fighting       | |  4.8
Staves         | |  8.7
Stealth        | |  4.4

Action                   |  1- 3 |  4- 6 || total
-------------------------+-------+-------++-------
Melee: Mace              |   102 |    75 ||   177
       Bite              |     5 |     6 ||    11
  Use: Scroll            |       |     7 ||     7
       Potion            |       |     1 ||     1
 Stab: Sleeping          |     8 |     9 ||    17
       Distracted        |       |     1 ||     1
  Eat: Chunk             |     2 |     4 ||     6
Armor: Robe              |    30 |    24 ||    54
Dodge: Dodged            |    56 |    68 ||   124
